Map: Blackpink LE

Players

Infamous

  • Race: Protoss Protoss
  • League: Silver
  • Spawn Location: 1:00

Fatalimpact - Winner!

  • Race: Zerg Zerg
  • League: Gold
  • Spawn Location: 7:00

VOD

Have the link to the VOD?

Description

Time

  • Played on: April 4, 2018, 9:56 p.m.
  • Length: 13:43
Show
View Real Time Build Order
Export as new Build Order

Infamous Protoss 

Build Orders:  

Get SALT Encoding   

  12  0:01  Probe  
  13  0:13  Probe  
  14  0:19  Pylon  
  14  0:25  Probe  
  15  0:44  Gateway  
  15  0:45  Probe (Chrono Boost)  
  16  0:55  Probe (Chrono Boost)  
  17  1:23  Probe  
  17  1:25  Assimilator  
  18  1:34  Cybernetics Core, Zealot  
  18  1:38  Probe (Chrono Boost)  
  21  1:40  Pylon  
  21  1:49  Probe (Chrono Boost)  
  22  1:56  Probe  
  22  2:00  Pylon  
  23  2:08  Gateway  
  23  2:10  Gateway  
  23  2:11  Warp Gate (Chrono Boost)  
  23  2:14  Probe  
  24  2:20  Assimilator  
  24  2:29  Probe  
  25  2:42  Probe  
  26  2:45  Stalker  
  27  3:01  Probe  
  27  3:03  Sentry  
  30  3:11  Pylon  
  30  3:21  Probe  
  30  3:23  Sentry  
  33  3:33  Probe, Gateway  
  34  3:35  Gateway  
  34  3:39  Gateway  
  34  3:47  Nexus  
  34  3:48  Probe  
  35  4:00  Probe  
  36  4:06  Robotics Facility  
  36  4:12  Probe  
  37  4:25  Probe  
  38  4:33  Pylon, Twilight Council  
  38  4:39  Stalker x2  
  38  4:41  Sentry  
  44  4:48  Probe  
  45  4:59  Observer (Chrono Boost)  
  46  5:04  Sentry  
  46  5:05  Zealot x2  
  46  5:06  Zealot  
  54  5:10  Probe (Chrono Boost)  
  56  5:14  Probe (Chrono Boost)  
  56  5:19  Assimilator  
  56  5:20  Charge (Chrono Boost)  
  57  5:22  Probe (Chrono Boost)  
  57  5:23  Probe (Chrono Boost)  
  58  5:33  Pylon  
  58  5:41  Stalker x2  
  62  5:54  Stalker  
  62  5:56  Adept  
  66  5:58  Probe  
  66  6:03  Assimilator  
  67  6:10  Probe  
  68  6:16  Pylon  
  68  6:18  Pylon  
  66  6:22  Forge  
  66  6:24  Stalker x3  
  70  6:32  Immortal (Chrono Boost)  
  74  7:02  Protoss Ground Weapons Level 1  
  74  7:04  Observer  
  67  7:16  Gateway  
  59  7:25  Zealot x6  
  65  7:36  Probe x2  
  67  7:48  Probe x2, Robotics Bay  
  69  7:52  Sentry x3  
  69  7:53  Zealot x2  
  69  7:54  Zealot  
  81  8:00  Probe  
  81  8:01  Probe  
  83  8:12  Probe  
  84  8:13  Probe  
  85  8:22  Stalker  
  85  8:23  Stalker  
  85  8:24  Zealot x2  
  93  8:27  Extended Thermal Lance  
  93  8:51  Nexus  
  93  8:53  Pylon  
  93  8:54  Observer  
  94  9:02  Pylon  
  94  9:05  Pylon  
  94  9:11  Pylon  
  94  9:12  Probe x2  
  94  9:15  Colossus  
  102  9:17  Pylon  
  102  9:23  Pylon, Sentry x2  
  102  9:24  Sentry x2  
  110  9:26  Zealot  
  110  9:28  Pylon  
  112  9:44  Photon Cannon  
  112  9:45  Probe, Protoss Ground Armor Level 1 (Chrono Boost)  
  112  9:46  Probe  
  112  9:49  Photon Cannon  
  114  10:05  Probe (Chrono Boost)  
  117  10:10  Probe x2 (Chrono Boost)  
  117  10:12  Photon Cannon  
  117  10:13  Photon Cannon  
  117  10:14  Colossus (Chrono Boost)  
  117  10:17  Photon Cannon  
  122  10:48  Assimilator  
  122  10:49  Probe x3  
  125  10:51  Assimilator  
  125  10:53  Stalker  
  125  10:54  Stalker x2  
  125  10:55  Zealot x3  
  137  11:01  Probe  
  136  11:14  Colossus (Chrono Boost)  
  112  11:34  Stalker x5  
  112  11:35  Stalker x2  
  124  11:58  Robotics Facility  
  124  12:01  Colossus (Chrono Boost)  
  110  12:15  Stargate  
  108  12:16  Stargate  
  108  12:18  Stalker x4, Stargate  
  116  12:35  Forge  
  91  12:58  Stalker x2  
  93  12:59  Stalker x4  
  93  13:01  Probe x3  
  91  13:13  Probe x2  
  91  13:16  Stalker  
Show
View Real Time Build Order
Export as new Build Order

Fatalimpact Zerg - Winner!

Build Orders: Pool First 

Get SALT Encoding   

  12  0:01  Drone  
  13  0:08  Drone  
  14  0:17  Overlord  
  14  0:36  Spawning Pool  
  14  0:38  Drone  
  14  0:41  Drone  
  15  0:45  Drone  
  16  0:50  Extractor  
  16  0:53  Drone  
  16  1:00  Drone  
  17  1:10  Drone  
  18  1:27  Drone  
  18  1:28  Hatchery  
  18  1:33  Drone  
  19  1:41  Queen  
  21  1:49  Overlord  
  21  1:54  Drone  
  22  2:07  Drone  
  23  2:16  Drone  
  23  2:17  Queen  
  26  2:28  Zergling x2  
  27  2:41  Zergling x2  
  27  2:42  Drone  
  27  2:44  Queen  
  31  2:52  Drone x3  
  31  2:53  Drone x2  
  36  3:06  Overlord  
  36  3:08  Overlord  
  36  3:36  Overlord  
  36  3:37  Zergling x2  
  36  3:38  Zergling x8  
  41  3:44  Queen  
  43  3:51  Metabolic Boost  
  43  3:57  Hatchery  
  43  4:02  Drone x6, Roach Warren  
  47  4:12  Extractor  
  46  4:17  Drone x2  
  46  4:18  Drone  
  46  4:22  Extractor  
  48  4:24  Extractor  
  48  4:27  Drone x3  
  50  4:35  Drone  
  50  4:36  Drone  
  52  4:39  Overlord  
  52  4:40  Overlord  
  52  4:41  Overlord  
  52  4:43  Pneumatized Carapace  
  52  4:49  Spine Crawler  
  52  4:52  Spine Crawler  
  50  4:53  Spore Crawler  
  50  4:56  Spore Crawler  
  50  4:59  Lair  
  48  5:08  Drone x3  
  48  5:10  Drone  
  48  5:11  Drone x3  
  55  5:18  Drone x3  
  58  5:23  Queen  
  58  5:27  Overlord  
  60  5:32  Overlord  
  60  5:49  Hatchery  
  59  6:08  Roach  
  59  6:09  Roach x6  
  59  6:10  Roach  
  74  6:25  Zergling x10  
  77  6:26  Zergling x14  
  77  6:27  Zergling x2  
  87  6:41  Burrow  
  87  6:57  Overlord  
  87  6:58  Overlord x3  
  87  6:59  Overlord x2  
  87  7:00  Overlord  
  69  7:38  Roach  
  69  7:39  Roach x9  
  69  7:40  Roach x7  
  103  7:47  Drone  
  103  7:48  Drone x4  
  108  8:11  Glial Reconstitution  
  108  8:18  Evolution Chamber  
  108  8:19  Evolution Chamber  
  106  8:20  Evolution Chamber  
  106  8:25  Queen  
  107  8:28  Drone  
  107  8:29  Drone x7  
  107  8:33  Extractor  
  114  8:36  Extractor  
  113  8:41  Overseer  
  113  9:03  Drone  
  113  9:04  Drone x2  
  113  9:05  Drone x4  
  120  9:16  Zerg Melee Weapons Level 1  
  120  9:17  Zerg Ground Armor Level 1, Zerg Missile Weapons Level 1  
  120  9:24  Infestation Pit  
  120  9:29  Tunneling Claws  
  119  10:00  Spire  
  119  10:01  Hive  
  118  10:14  Hatchery  
  117  10:47  Drone  
  117  10:48  Drone x7, Roach x21  
  117  10:49  Drone x3  
  112  11:15  Roach x3  
  112  11:16  Mutalisk x3  
  112  11:17  Mutalisk x11  
  112  11:18  Mutalisk x6  
  79  12:09  Mutalisk x2  
  79  12:10  Mutalisk x7  
  97  12:19  Mutalisk  
  97  12:20  Mutalisk x8  
  97  12:21  Mutalisk  
  117  12:25  Drone x4  
  117  12:26  Drone x11  
Tags
 
Matchup
PvZ
Opening
Pool First
Replay Pack
Last Remnant (2)
Spawn Locations
Cross Positions
Add a new tag
Caveats
  • Supply blocks, unpowered buildings, or Contaminate may cause inaccurate times.
  • Supply counts are checked every 10 seconds.